 Dungeon Crawl Stone Soup version 0.19.1 (webtiles) character file.

401 Rrauwl the Ducker (level 7, -20/43 HPs)
             Began as a Kobold Monk on Dec 3, 2016.
             Was a Priest of Sif Muna.
             Killed from afar by Dowan (26 damage)
             ... with a shard of ice
             ... on level 4 of the Dungeon.
             The game lasted 00:23:32 (4330 turns).

Rrauwl the Ducker (Kobold Monk)                     Turns: 4330, Time: 00:23:35

Health: -20/43     AC:  6    Str: 11    XL:     7   Next: 11%
Magic:  7/7        EV: 18    Int: 11    God:    Sif Muna [***...]
Gold:   130        SH:  4    Dex: 17    Spells: 0 memorised, 6 levels left

rFire  + . .     SeeInvis .       - Unarmed
rCold  . . .     Gourm    .     d - +3 leather armour {rF+}
rNeg   . . .     Faith    .     (shield restricted)
rPois  .         Spirit   .     (no helmet)
rElec  .         Reflect  .     (no cloak)
rCorr  +         Harm     .     (no gloves)
MR     .....                    (no boots)
Stlth  ++........               (no amulet)
                                (no ring)
                                j - ring of resist corrosion

@: no status effects
A: large bone plates 1, carnivore 3
a: Divine Energy, Channel Magic, Renounce Religion


You were on level 4 of the Dungeon.
You worshipped Sif Muna.
Sif Muna was most pleased with you.
You were very full.

You visited 1 branch of the dungeon, and saw 4 of its levels.

You collected 130 gold pieces.

Inventory:

Missiles
 h - 8 bolts
Armour
 d - a +3 leather armour of fire resistance (worn)
Jewellery
 j - a ring of resist corrosion (left hand)
Scrolls
 c - 4 scrolls of identify
 g - a scroll of fear
Potions
 e - a potion of flight
Comestibles
 b - 2 meat rations


   Skills:
 - Level 4.2 Fighting
 + Level 1.7 Armour
 + Level 6.0 Dodging
 - Level 3.0 Stealth
 + Level 5.0 Unarmed Combat


You had 6 spell levels left.
You didn't know any spells.

Dungeon Overview and Level Annotations

Branches:
Dungeon (4/15)
 Temple: D:4-7

Altars:
Fedhas
Sif Muna

Annotations:
D:3 Grinder
D:4 exclusion: oklob plant, Dowan, Eustachio


Innate Abilities, Weirdness & Mutations

You are small and have problems with some larger weapons.
You are carnivorous and can eat meat at any time.
You are partially covered in large bone plates. (SH +4)


Message History

* * * LOW HITPOINT WARNING * * *
The quokka closely misses you.
You closely miss the crimson imp. Your punch misses the crimson imp.
The crimson imp is severely wounded.
You block the quokka's attack. The crimson imp barely misses you.
Eustachio mumbles some strange words.
Eustachio blinks!
Dowan gestures wildly while chanting.
Dowan blinks!
You closely miss the crimson imp.
The crimson imp is heavily wounded.
Dowan casts a spell.
The quokka barely misses you. The crimson imp closely misses you.
You hit the crimson imp.
The crimson imp is heavily wounded.
The quokka closely misses you.
The crimson imp blinks!
Dowan points at you and mumbles some strange words.
The shard of ice hits you!
Ouch! That really hurt!
You die...

#..#.###.#.....?..#.#.....
#....#............#.# ...
. .##...#...####....<. .
..###†###.### #...#.#.
..........## ##....#..
..........$## #..#...##
#.##......)5######.#.#. #
#.......e)..###g..##.
#.......###§§@rgg...#
##.....## #########.#
#....... #>......#
#$!..$..# ##.....##
##...##


You could see Dowan, 3 gnolls, a crimson imp and a quokka.

Vanquished Creatures
  Duvessa (D:4)
  A hound (D:4)
  An orc priest (D:3)
  An orc wizard (D:4)
  Jessica (D:3)
  6 adders
  An ooze (D:4)
  An adder skeleton (D:4)
  5 worms
  3 dart slugs
  13 orcs
  3 ball pythons
  8 bats
  5 giant cockroaches
  7 goblins
  7 hobgoblins
  11 jackals
  5 frilled lizards
  7 kobolds
  A leopard gecko skeleton (D:4)
  A quokka skeleton (D:4)
  11 rats
100 creatures vanquished.

Notes
Turn   | Place    | Note
-------+----------+-------------------------------------------
     0 | D:1      | Rrauwl the Kobold Monk began the quest for the Orb.
     0 | D:1      | Reached XP level 1. HP: 14/14 MP: 1/1
    48 | D:1      | Reached XP level 2. HP: 6/19 MP: 2/2
   289 | D:1      | Reached skill level 4 in Dodging
   547 | D:1      | Reached XP level 3. HP: 21/24 MP: 3/3
  1371 | D:2      | Reached XP level 4. HP: 8/29 MP: 4/4
  2154 | D:2      | Gained mutation: You are partially covered in large bone plates. (SH +4) [potion of beneficial mutation]
  3040 | D:3      | Reached XP level 5. HP: 33/33 MP: 5/5
  3066 | D:3      | Found a faded altar of an unknown god.
  3165 | D:3      | Reached skill level 5 in Dodging
  3327 | D:3      | Became a worshipper of Sif Muna the Loreminder
  3327 | D:3      | Reached * piety under Sif Muna
  3327 | D:3      | Reached ** piety under Sif Muna
  3483 | D:3      | Noticed Grinder
  3752 | D:3      | Noticed Jessica
  3762 | D:3      | Killed Jessica
  3762 | D:3      | Reached XP level 6. HP: 38/38 MP: 6/6
  3923 | D:4      | Noticed Duvessa
  3967 | D:4      | Found a blossoming altar of Fedhas.
  4028 | D:4      | Reached skill level 1 in Armour
  4056 | D:4      | Noticed an oklob plant
  4121 | D:4      | Noticed Dowan
  4134 | D:4      | Reached *** piety under Sif Muna
  4135 | D:4      | Noticed Eustachio
  4221 | D:4      | Killed Duvessa
  4221 | D:4      | Reached skill level 6 in Dodging
  4221 | D:4      | Reached skill level 5 in Unarmed Combat
  4221 | D:4      | Reached XP level 7. HP: 31/43 MP: 7/7
  4330 | D:4      | Killed from afar by Dowan

Skill      XL: |  1  2  3  4  5  6 |
---------------+-------------------+-----
Dodging        | 4 5 6 |  6.0
Stealth        | 3 |  3.0
Fighting       | 4 |  4.2
Unarmed Combat | 4 5 |  5.0
Armour         | 1 |  1.7

Action                   |  1- 3 |  4- 6 |  7- 9 || total
-------------------------+-------+-------+-------++-------
Melee: Unarmed           |   170 |   358 |   104 ||   632
       Punch             |     2 |     6 |     3 ||    11
  Use: Scroll            |     6 |     3 |     1 ||    10
       Potion            |     1 |     5 |       ||     6
 Stab: Sleeping          |     1 |     9 |       ||    10
  Eat: Chunk             |    10 |     9 |       ||    19
Armor: Robe              |    17 |       |       ||    17
       Leather armour    |       |    55 |    29 ||    84
Dodge: Dodged            |   130 |   220 |   102 ||   452
Block: Other             |       |    48 |    28 ||    76
